 Dungeon Crawl Stone Soup version 0.18-a0-1655-ge2d8d33 (webtiles) character file.

322 Ratboiler the Chopper (level 6, 0/54 HPs)
             Began as a Halfling Wanderer on Mar 30, 2016.
             Succumbed to an orc wizard's poison
             ... on level 4 of the Dungeon.
             The game lasted 00:22:09 (5861 turns).

Ratboiler the Chopper (Halfling Wanderer)           Turns: 5861, Time: 00:22:10

Health: 0/54       AC: 23    Str: 13    XL:     6   Next: 76%
Magic:  9/9        EV:  3    Int: 12    God:
Gold:   162        SH:  0    Dex: 14    Spells: 0 memorised, 9 levels left

rFire  . . .     SeeInvis .     b - +1 hand axe
rCold  . . .     Gourm    .     (armour currently unavailable)
rNeg   + + +     Faith    .     (shield restricted)
rPois  +         Spirit   .     (helmet currently unavailable)
rElec  .         Dismiss  .     (cloak currently unavailable)
rCorr  .         Reflect  .     (gloves currently unavailable)
SustAt +         Harm     .     (boots currently unavailable)
MR     .....     NoTele   +     (no amulet)
Stlth  +.........               (no ring)
                                q - ring of sustain attributes

@: lethally poisoned (0 -> -17), tree-form, not resistant to hostile
enchantments, very unstealthy
A: mutation resistance 1
a: no special abilities


You were on level 4 of the Dungeon.
You were not hungry.
You were a tree.
You visited 1 branch of the dungeon, and saw 7 of its levels.

You collected 162 gold pieces.

Inventory:

Hand Weapons
 b - a +1 hand axe (weapon)
Missiles
 j - 73 stones (quivered)
 m - 7 needles of confusion
 n - 29 poisoned needles
Armour
 a - a +2 scale mail (melded)
 c - the +2 pair of gloves "Keenefy" (melded) {Str+3 Int+4 Dex-3}
   (You found it on level 7 of the Dungeon)

   It affects your strength (+3).
   It affects your intelligence (+4).
   It affects your dexterity (-3).
Jewellery
 q - a ring of sustain attributes (left branch)
Potions
 e - a potion of flight
Comestibles
 l - 3 meat rations


   Skills:
 + Level 5.6 Axes
   Level 1.0 Crossbows
 - Level 4.3 Armour
   Level 2.1 Shields
 - Level 2.4 Spellcasting


You had 9 spell levels left.
You didn't know any spells.

Dungeon Overview and Level Annotations

Branches:
Dungeon (7/15)
 Temple: D:4-7

Altars:
Sif Muna
The Shining One

Annotations:
D:1 exclusion: downstairs
D:3 Sigmund
D:4 Sargon's ghost, amateur GrEE
D:5 exclusions: oklob sapling and upstairs


Innate Abilities, Weirdness & Mutations

You are small and have problems with some larger weapons.
You are somewhat resistant to further mutation.


Message History

It was a scroll of immolation.
* * * LOW HITPOINT WARNING * * *
You feel sick.
Read which item? (? for menu, Esc to quit)
As you read the scroll labeled OMEG ZAMEMUYLE, it crumbles to dust.
You feel blessed for a moment.
It was a scroll of remove curse.
* * * LOW HITPOINT WARNING * * *
You feel sick.
Read which item? (? for menu, Esc to quit)
As you read the scroll labeled MIBIOR DIFIFEI, it crumbles to dust.
It is a scroll of amnesia.
You feel forgetful for a moment.
* * * LOW HITPOINT WARNING * * *
You feel sick.
q - a ring of sustain attributes (left branch)
* * * LOW HITPOINT WARNING * * *
You feel sick.
* * * LOW HITPOINT WARNING * * *
You feel sick.
You die...

##..##...# #...#
...# ##..####..#
#..# ...# ##.###
#..# #.## ###...#
#.## #..#
#..###.....# ###
#..# #...........
##.## #.......w...
#..# ##..########.
### #..# ##..## #.#
#.♣###..##
#)######.)....w.#
#...........##...#
#.###.....######..#
### ####..# #...#
#..# #... #..# #...
##.## ... ### #..#


You could see a worm (inner flame).

Vanquished Creatures
  2 hounds (D:4)
  An orc priest (D:7)
  An orc wizard (D:4)
  Jessica (D:2)
  2 worker ants
  4 adders
  An adder skeleton (D:5)
  3 worms (D:2)
  A dart slug (D:1)
  4 giant geckos
  5 orcs
  3 ball pythons
  A giant cockroach (D:2)
  10 goblins
  9 hobgoblins
  3 jackals (D:1)
  2 quokkas (D:3)
  2 bats
  7 giant newts
  7 kobolds
  6 rats
75 creatures vanquished.

Vanquished Creatures (others)
  A giant newt (D:6)
1 creature vanquished.

Grand Total: 76 creatures vanquished

Notes
Turn   | Place    | Note
--------------------------------------------------------------
     0 | D:1      | Ratboiler the Halfling Wanderer began the quest for the Orb.
     0 | D:1      | Ratboiler set off with: a +2 scale mail, a +0 hand axe, a scroll of teleportation, a bread ration
     0 | D:1      | Reached XP level 1. HP: 11/11 MP: 3/3
   106 | D:1      | Reached skill level 1 in Axes
   407 | D:1      | Reached XP level 2. HP: 14/17 MP: 5/5
   670 | D:1      | Reached skill level 2 in Axes
   851 | D:1      | Reached XP level 3. HP: 17/21 MP: 6/6
  1285 | D:2      | Found a deep blue altar of Sif Muna.
  1789 | D:2      | Noticed Jessica
  2091 | D:3      | Reached XP level 4. HP: 27/27 MP: 7/7
  2119 | D:3      | Reached skill level 3 in Axes
  2256 | D:3      | Noticed Sigmund
  3454 | D:4      | Reached skill level 4 in Axes
  3454 | D:4      | Reached XP level 5. HP: 31/31 MP: 8/8
  4137 | D:4      | Reached XP level 6. HP: 33/36 MP: 9/9
  4204 | D:4      | Noticed Sargon's ghost (amateur GrEE)
  4347 | D:2      | Killed Jessica
  4347 | D:2      | Reached skill level 5 in Axes
  4687 | D:4      | Noticed a yak
  4775 | D:4      | Noticed a yak
  4775 | D:4      | Noticed a yak
  4776 | D:4      | Noticed a yak
  4776 | D:4      | Noticed a yak
  4789 | D:5      | Entered Level 5 of the Dungeon
  4825 | D:6      | Noticed an ice beast
  5060 | D:6      | Found a glowing golden altar of the Shining One.
  5060 | D:6      | You fall through a shaft!
  5121 | D:7      | HP: 1/36 [orc priest/divine providence (13)]
  5204 | D:7      | Got a pair of bloodstained gloves
  5212 | D:7      | Identified the +2 pair of gloves "Keenefy" {Str+3 Int+4 Dex-3} (You found it on level 7 of the Dungeon)
  5389 | D:6      | Noticed an orc warrior
  5860 | D:4      | HP: 1/54 [poisoned by an orc wizard]
  5861 | D:4      | Succumbed to an orc wizard's poison

Vault maps used:
D:1:      matt_arrival_diagonals
D:2:      nicolae_overflow_crystal_walls, serial_forest,
          infiniplex_forest_lined_4_way, infiniplex_forest_lined_4_way,
          infiniplex_forest_straight_1, infiniplex_forest_clump_medium,
          infiniplex_forest_end_3, infiniplex_forest_straight_2,
          serial_park_tiny_pond, uniq_jessica
D:3:      first_bread, minmay_lizard_king, uniq_sigmund
D:4:      uniq_pikel, uniq_natasha
D:5:      minmay_temple_entry_oklob, grunt_gozag_breadcrumbs
D:6:      lemuel_coloured_pillars_altar

Skill      XL: |  1  2  3  4  5  6 |
---------------+-------------------+-----
Axes           | 1 2 4 5 |  5.6
Crossbows      | |  1.0
Armour         | |  4.3
Shields        | |  2.1
Spellcasting   | |  2.4

Action                   |  1- 3 |  4- 6 || total
-------------------------+-------+-------++-------
Melee: Hand axe          |   157 |   244 ||   401
Throw: Stone             |     5 |     4 ||     9
  Use: Scroll            |       |    13 ||    13
       Potion            |       |     5 ||     5
  Eat: Chunk             |     2 |     2 ||     4
       Beef jerky        |     1 |       ||     1
       Bread ration      |       |     2 ||     2
       Pizza             |       |     1 ||     1
